 Dungeon Crawl Stone Soup version 0.23.2-40-g277498a001 (webtiles) character file.

Game seed: 17935543593885951233

8537369 Amplified the Merfolkian Porcupine (level 27, 249/249 HPs)
             Began as a Merfolk Gladiator on Oct 3, 2019.
             Was the Champion of Makhleb.
             Escaped with the Orb
             ... and 10 runes on Oct 4, 2019!
             The game lasted 03:03:54 (87263 turns).

Amplified the Merfolkian Porcupine (MfGl)          Turns: 87263, Time: 03:03:54

Health: 249/249    AC: 42    Str: 13    XL:     27
Magic:  50/50      EV: 29    Int: 18    God:    Makhleb [******]
Gold:   4734       SH:  0    Dex: 23    Spells: 49/72 levels left

rFire    + + +     SeeInvis .   N - +9 bardiche (chop)
rCold    + + .     Gourm    .   (shield currently unavailable)
rNeg     + + .     Faith    .   p - +10 pearl dragon scales
rPois    +         Spirit   .   (helmet restricted)
rElec    +         Reflect  .   g - +2 cloak {rPois}
rCorr    .         Harm     .   A - +3 pair of gauntlets of War {Slay+5}
MR       ++...                  O - +0 pair of boots "Koru Seo" {+Inv rF+ Dex+4}
Stlth    +++.......             w - amulet of the acrobat
HPRegen  0.51/turn              i - ring "Eskaz" {rElec rF++ Int+2}
MPRegen  0.32/turn              y - ring "Zixetaerghu" {rC++ rN+ Str-2 Slay+3 Stlth+}

@: deflect missiles
A: change form in water, swift swim, stealthy swim, horns 1, molten scales 1,
sense surroundings 1, shaggy fur 1, evolution 1
0: Orb of Zot
}: 10/15 runes: decaying, serpentine, slimy, silver, abyssal, demonic, glowing,
magical, fiery, dark
a: Minor Destruction, Lesser Servant of Makhleb, Major Destruction, Greater
Servant of Makhleb, Renounce Religion, Evoke Invisibility


You escaped.
You worshipped Makhleb.
Makhleb was exalted by your worship.
You were not hungry.

You visited 13 branches of the dungeon, and saw 59 of its levels.
You visited Pandemonium 2 times, and saw 17 of its levels.
You visited the Abyss 5 times.
You also visited: Trove and Gauntlet.

You collected 15638 gold pieces.
You spent 10904 gold pieces at shops.

Inventory:

Hand Weapons
 h - a +9 bardiche of freezing
 N - a +9 bardiche of chopping (weapon)
Missiles
 D - a throwing net (quivered)
Armour
 c - the +10 chain mail of Liberty {rCorr Dex+2}
   (You took it off a deep elf high priest on level 3 of the Elven Halls)

   It affects your dexterity (+2).
   It provides partial protection from all sources of acid and corrosion.
 g - a +2 cloak of poison resistance (worn)
 m - the +2 pair of gloves of Zaamewk {rElec rF- Int+7}
   (You found it on level 9 of the Dungeon)

   It affects your intelligence (+7).
   It makes you vulnerable to fire.
   It insulates you from electricity.
 p - +10 pearl dragon scales (worn)
 A - the +3 pair of gauntlets of War (worn) {Slay+5}
   (You found it on level 3 of the Crypt)

   It affects your accuracy and damage with ranged weapons and melee attacks
   (+5).
 B - a +5 ring mail of fire resistance
 O - the +0 pair of boots "Koru Seo" (worn) {+Inv rF+ Dex+4}
   (You found it in Pandemonium)

   It affects your dexterity (+4).
   It protects you from fire.
   It lets you turn invisible.
 T - a +2 pair of boots of flying
 U - the +7 ice dragon scales "Ojase" {rPois rF- rC++ MR+ Dex+2}
   (You found it on level 5 of the Pits of Slime)

   It affects your dexterity (+2).
   It makes you vulnerable to fire.
   It greatly protects you from cold.
   It protects you from poison.
   It affects your resistance to hostile enchantments.
 Y - the +2 helmet of the Beginning {rF+}
   (You bought it in a shop on level 13 of the Dungeon)

   It protects you from fire.
Jewellery
 b - the ring of Dyewk {*Corrode rElec Dex+3 Slay+4 SInv}
   (You took it off a deep elf annihilator on level 3 of the Elven Halls)

   [ring of see invisible]

   It affects your dexterity (+3).
   It affects your accuracy and damage with ranged weapons and melee attacks
   (+4).
   It insulates you from electricity.
   It lets you see invisible.
   It may corrode you when you take damage.
 i - the ring "Eskaz" (left hand) {rElec rF++ Int+2}
   (You took it off a crimson imp on level 12 of the Dungeon)

   [ring of intelligence]

   It affects your intelligence (+2).
   It greatly protects you from fire.
   It insulates you from electricity.
 u - the ring "Futhroog" {rElec rF+ Str+6}
   (You found it on level 5 of the Pits of Slime)

   [ring of protection from fire]

   It affects your strength (+6).
   It protects you from fire.
   It insulates you from electricity.
 w - an amulet of the acrobat (around neck)
 y - the ring "Zixetaerghu" (right hand) {rC++ rN+ Str-2 Slay+3 Stlth+}
   (You bought it in a shop on level 4 of the Vaults)

   [ring of positive energy]

   It affects your strength (-2).
   It affects your accuracy and damage with ranged weapons and melee attacks
   (+3).
   It greatly protects you from cold.
   It protects you from negative energy.
   It makes you more stealthy.
 H - the ring "Giynue" {rF+ rC- MP-9 Dex+7 Slay+6}
   (You found it in a Gauntlet)

   [ring of protection from fire]

   It affects your dexterity (+7).
   It affects your accuracy and damage with ranged weapons and melee attacks
   (+6).
   It protects you from fire.
   It makes you vulnerable to cold.
   It affects your magic capacity (-9).
 V - the ring "Destean" {rPois rN+ MR++ Str+2 Stlth-}
   (You took it off a deep elf annihilator on level 3 of the Elven Halls)

   [ring of poison resistance]

   It affects your strength (+2).
   It protects you from poison.
   It protects you from negative energy.
   It affects your resistance to hostile enchantments.
   It makes you less stealthy.
Wands
 t - a wand of scattershot (6)
 v - a wand of acid (56)
 F - a wand of iceblast (4)
 L - a wand of disintegration (74)
 M - a wand of digging (6)
 Q - a wand of paralysis (53)
Scrolls
 a - 14 scrolls of identify
 j - 2 scrolls of brand weapon
 l - 35 scrolls of remove curse
 s - 15 scrolls of teleportation
 C - 12 scrolls of fear
 G - 2 scrolls of fog
 J - 10 scrolls of amnesia
 R - a scroll of blinking
 S - a scroll of silence
Potions
 d - a potion of magic
 k - 12 potions of flight
 n - 7 potions of curing
 o - 3 potions of resistance
 r - 9 potions of mutation
 z - a potion of heal wounds
 E - 8 potions of ambrosia
 I - 5 potions of cancellation
 P - 8 potions of brilliance
Miscellaneous
 e - a lamp of fire
 q - 2 phantom mirrors
 x - a phial of floods
Comestibles
 f - 84 rations


   Skills:
 O Level 27 Fighting
 O Level 27 Polearms
   Level 1.0 Crossbows
 - Level 2.0 Throwing
 - Level 19.0 Armour
 O Level 27 Dodging
 - Level 17.5 Stealth
 - Level 0.2 Unarmed Combat
 * Level 23.2 Spellcasting
 - Level 0.2 Hexes
 - Level 12.5 Charms
 - Level 5.1 Necromancy
 - Level 8.0 Transmutations
   Level 14.6 Ice Magic
 - Level 13.6 Air Magic
 - Level 17.5 Invocations
 - Level 14.4 Evocations


You had 49 spell levels left.
You knew the following spells:

 Your Spells              Type           Power        Failure   Level  Hunger
a - Spectral Weapon       Hex/Chrm       #####...     1%          3    None
b - Deflect Missiles      Chrm/Air       ######....   4%          6    ####...
c - Silence               Hex/Air        #####.....   11%         5    None
d - Blink                 Tloc           N/A          10%         2    None
e - Dispel Undead         Necr           #####...     22%         5    None
f - Passwall              Tmut/Erth      #####...     1%          2    None

Your spell library contained the following spells:

 Spells                   Type           Power        Failure   Level  Hunger
 Freeze                   Ice            ####         0%          1    None
 Animate Skeleton         Necr           N/A          1%          1    None
 Corpse Rot               Necr           N/A          1%          2    None
 Ensorcelled Hibernation  Hex/Ice        #####.       1%          2    None
 Poisonous Vapours        Pois/Air       #####.       1%          2    None
 Shroud of Golubria       Chrm/Tloc      #####.....   1%          2    None
 Song of Slaying          Chrm           ######..     1%          2    None
 Sticks to Snakes         Tmut           ######..     1%          2    None
 Sublimation of Blood     Necr           #####.....   1%          2    None
 Swiftness                Chrm/Air       ######..     1%          2    None
 Throw Frost              Conj/Ice       #####.       1%          2    None
 Ozocubu's Armour         Chrm/Ice       ######..     1%          3    None
 Regeneration             Chrm/Necr      ######....   1%          3    None
 Airstrike                Air            ######....   1%          4    None
 Ice Form                 Ice/Tmut       ######..     1%          4    None
 Vampiric Draining        Necr           #####.....   2%          3    None
 Ozocubu's Refrigeration  Ice            ######....   2%          6    ####...
 Mephitic Cloud           Conj/Pois/Air  #####...     3%          3    None
 Summon Ice Beast         Ice/Summ       #####...     3%          4    None
 Summon Lightning Spire   Summ/Air       #####...     3%          4    None
 Throw Icicle             Conj/Ice       #####...     3%          4    None
 Excruciating Wounds      Chrm/Necr      ######....   4%          5    None
 Apportation              Tloc           ###...       6%          1    None
 Confusing Touch          Hex            ###...       6%          1    None
 Corona                   Hex            ###....      6%          1    None
 Flame Tongue             Conj/Fire      ###..        6%          1    None
 Sandblast                Erth           ###...       6%          1    None
 Sting                    Conj/Pois      ###.         6%          1    None
 Summon Butterflies       Summ           ###.....     6%          1    None
 Summon Small Mammal      Summ           ###.         6%          1    None
 Ignite Poison            Fire/Tmut/Pois ####....     6%          3    None
 Blade Hands              Tmut           ######....   6%          5    None
 Animate Dead             Necr           N/A          8%          4    None
 Slow                     Hex            ###.....     9%          2    None
 Metabolic Englaciation   Hex/Ice        #####.....   9%          5    None
 Call Imp                 Summ           ###.....     10%         2    None
 Throw Flame              Conj/Fire      ###...       10%         2    None
 Petrify                  Tmut/Erth      #####...     12%         4    None
 Iskenderun's Battlesphe  Conj/Chrm      #####...     13%         5    None
 Confuse                  Hex            ###.....     17%         3    None
 Tukima's Dance           Hex            ###.....     17%         3    None
 Simulacrum               Ice/Necr       ######....   17%         6    ####...
 Call Canine Familiar     Summ           ###.....     19%         3    None
 Conjure Flame            Conj/Fire      ###.....     19%         3    None
 Dazzling Spray           Conj/Hex       ###...       19%         3    None
 Gell's Gravitas          Tloc           ###.......   19%         3    None
 Inner Flame              Hex/Fire       ###.....     19%         3    None
 Lesser Beckoning         Tloc           ###.......   19%         3    None
 Portal Projectile        Hex/Tloc       ###...       19%         3    None
 Recall                   Summ/Tloc      N/A          19%         3    None
 Stone Arrow              Conj/Erth      ###...       19%         3    None
 Summon Guardian Golem    Hex/Summ       ###.....     19%         3    None
 Freezing Cloud           Conj/Ice/Air   ######....   21%         6    ####...
 Agony                    Necr           #####...     22%         5    None
 Alistair's Intoxication  Tmut/Pois      #####...     32%         5    None
 Irradiate                Conj/Tmut      #####.....   32%         5    None
 Yara's Violent Unravell  Hex/Tmut       #####.....   32%         5    None
 Hydra Form               Tmut           ######....   34%         6    ####...
 Bolt of Cold             Conj/Ice       #####.....   43%         6    ####...
 Cause Fear               Hex            ###.......   50%         4    None
 Leda's Liquefaction      Hex/Erth       ###.......   52%         4    None
 Bolt of Draining         Conj/Necr      ####......   52%         5    None
 Borgnjor's Vile Clutch   Necr/Erth      ####......   52%         5    None
 Conjure Ball Lightning   Conj/Air       #####.....   52%         6    ####...
 Force Lance              Conj/Tloc      ###.....     54%         4    None
 Iskenderun's Mystic Bla  Conj           ###.....     54%         4    None
 Olgreb's Toxic Radiance  Pois           ###.....     54%         4    None
 Sticky Flame             Conj/Fire      ###.....     54%         4    None
 Death Channel            Necr           #####.....   75%         6    ####...
 Summon Mana Viper        Hex/Summ       ###.....     86%         5    None
 Bolt of Magma            Conj/Fire/Erth ###.......   87%         5    None
 Fireball                 Conj/Fire      ###.......   87%         5    None
 Lee's Rapid Deconstruct  Erth           ###.......   87%         5    None
 Venom Bolt               Conj/Pois      ###.......   87%         5    None
 Statue Form              Tmut/Erth      #####....    88%         6    ####...
 Dragon Form              Tmut           ######....   89%         7    #####..
 Ring of Flames           Chrm/Fire      #####.....   99%         7    #####..
 Bolt of Fire             Conj/Fire      ###.......   100%        6    ####...
 Darkness                 Hex            ###.......   100%        6    ####...
 Dispersal                Tloc           ###.......   100%        6    ####...
 Invisibility             Hex            ###.....     100%        6    ####...
 Iron Shot                Conj/Erth      ###.......   100%        6    ####...
 Shadow Creatures         Summ           N/A          100%        6    ####...
 Orb of Destruction       Conj           ###.......   100%        7    #####..
 Spellforged Servitor     Conj/Summ      ###.......   100%        7    #####..
 Summon Hydra             Summ           ###.......   100%        7    #####..
 Controlled Blink         Tloc           N/A          100%        8    #######
 Discord                  Hex            ###.......   100%        8    #######
 Disjunction              Tloc           ###.......   100%        8    #######
 Ignition                 Fire           ###.......   100%        8    #######
 Dragon's Call            Summ           ###.......   100%        9    #######
 Shatter                  Erth           ###.......   100%        9    #######
 Tornado                  Air            ######....   100%        9    #######
 Passage of Golubria      Tloc           Unusable     N/A         4    N/A

Dungeon Overview and Level Annotations

Branches:
Dungeon (15/15)            Temple (1/1) D:5            Lair (6/6) D:11
  Swamp (4/4) Lair:2        Snake (4/4) Lair:2        Slime (5/5) Lair:6
    Orc (2/2) D:11            Elf (3/3) Orc:2        Vaults (5/5) D:14
  Crypt (3/3) Vaults:3       Tomb (0/3) Crypt:3      Depths (5/5) D:15
   Hell (1/1)                 Zot (5/5) Depths:5
    Dis: Hell:1         Geh: Hell:1         Coc: Hell:1         Tar: Hell:1

Altars:
Ashenzari
Cheibriados
Dithmenos
Elyvilon
Fedhas
Gozag
Hepliaklqana
Kikubaaqudgha
Makhleb
Nemelex Xobeh
Okawaru
Qazlal
Ru
Sif Muna
Trog
Uskayaw
Vehumet
Wu Jian
Xom
Yredelemnul
Zin
The Shining One
Beogh

Shops:
D:5 !   D:10 [   D:13 [   D:14 *   Orc:2 *[:%   Elf:1 }*::(   Vaults:1 !
Vaults:2 (   Vaults:3 (   Vaults:4 =   Vaults:5 !??   Depths:2 (   Depths:3 [*
Depths:5 *

Portals:
Hell: Depths:1 Depths:2 Depths:3 Depths:4 Depths:5
Abyss: Depths:4
Pandemonium: Depths:1 Depths:3 Depths:4 Depths:5
Ziggurat: Depths:5

Annotations:
Lair:6 exclusion: oklob plant
Depths:1 Lom Lobon still to be dealt.
Depths:4 2 runed translucent doors
Depths:5 Mutation Roulette, LockinZin, Shining Dude? Megazigg with Necromutation
Hell Geryon
Zot:5 exclusion: orange crystal statue


Innate Abilities, Weirdness & Mutations

You revert to your normal form in water You are very nimble and swift while swimming.
You are very stealthy in the water. (Stealth+)
You have a pair of small horns on your head.
You are partially covered in molten scales. (AC +2)
You passively map a small area around you.
You are covered in fur. (AC +1)
You evolve.


Message History

Unknown command.
Unknown command.
(D) Dungeon (T) Temple (L) Lair (S) Swamp (P) Snake Pit (M) Slime Pits (O) Orcish Mines (E) Elven Halls (V) Vaults (C) Crypt (W) Tomb (U) Depths (H) Hell (Z) Zot
Where to? (Enter - D:3 @ (x,y), ? - help)
What level of the Dungeon? (default 1, ? - help)
An Orb Guardian comes into view.
The Orb Guardian moves out of view.
There is a stone staircase leading up here.
You climb upwards.
There is a stone staircase leading down here.
Unknown command.
Unknown command.
You open the large door.
There is a large open door here.
There is an open door here.
There is a staircase leading out of the dungeon here.
You have escaped!

#.##...####++####......#
#.##...###....###......###
#.##...##......##........#
#.##...##......##....#.#.#
#.##...#........#....#.#.#
#.##...#........#....#.#.#
#.##...#...##...#....#.#.#
#.##...#..####..#....#.#.#
#.##...'..'@>+..'....#.#.#
#.##...#..####..#....#.#.#
#.##...#...##...#....#.#.#
#.##...#........#......#.#
#.##...#........#...####.#
#.##...##......##...# #.#
#.##...##......##...#
#.###
#.##...###....###...#
#....
#.##...####''####..)#
#####


There were no monsters in sight!

Vanquished Creatures
  the Royal Jelly (Slime:5)
  Dissolution (Slime:3)
  Gloorx Vloq (Pan)
  A seraph (Pan)
  Mnoleg (Pan)
  3 orbs of fire (Zot:5)
  10 ancient liches
  Mennas (Pan)
  Boris (thrice) (Vaults:2 Depths:2 Depths:4)
  3 Killer Klowns
  2 curse toes
  5 caustic shrikes
  Saint Roka (Orc:2)
  4 golden dragons
  2 pandemonium lords (Pan)
  2 profane servitors
  7 bone dragons
  Nikola (Snake:3)
  A Tzitzimitl (Pan)
  3 electric golems (Zot:5)
  2 pearl dragons (Pan)
  3 Brimstone Fiends (Pan)
  4 Ice Fiends
  A shard shrike skeleton (Crypt:2)
  Rupert (D:15)
  A Hell Sentinel (Pan)
  A deep elf master archer (Elf:3)
  A deep elf blademaster (Elf:3)
  26 Orb Guardians
  Asterion (Elf:3)
  7 liches
  Jorgrun (D:12)
  21 acid blobs
  23 tentacled monstrosities
  10 titans
  Murray (Depths:5)
  6 quicksilver dragons
  3 death cobs
  23 tentacled starspawn
  9 sphinxes
  A kraken (Abyss:4)
  21 Executioners
  Agnes (D:14)
  5 ancient champions
  6 tengu reavers
  7 draconian monks
  A thorn hunter (Swamp:3)
  14 storm dragons
  7 shadow dragons
  3 revenants
  Donald (Snake:2)
  14 daevas (Pan)
  9 vault wardens
  11 nagarajas
  11 fire giants
  10 azure jellies
  9 draconian scorchers
  16 frost giants
  2 ghost moths
  13 cacodemons (Pan)
  6 deep elf sorcerers
  20 balrugs
  7 orc warlords
  Aizul (Snake:2)
  3 draconian knights
  Louise (Swamp:1)
  4 iron dragons
  5 warmongers (Pan)
  4 deep elf elementalists
  3 draconian shifters
  3 curse skulls
  8 draconian stormcallers
  24 angels
  8 draconian annihilators
  The ghost of Maodecw the Swashbuckler, an adept VSGl of Uskayaw (Depths:1)
  14 ironheart preservers
  6 war gargoyles
  14 ghouls
  17 ophanim (Pan)
  4 black suns
  8 reapers
  2 entropy weavers (Vaults:2)
  3 spriggan defenders
  24 very ugly things
  26 apis (Pan)
  A caustic shrike skeleton (Crypt:1)
  22 stone giants
  5 blood saints (Pan)
  6 corrupters (Pan)
  An entropy weaver (shapeshifter) (Vaults:5)
  18 black draconians
  Azrael (D:14)
  10 vampire knights
  19 green draconians
  13 white draconians
  7 deep elf demonologists
  6 purple draconians
  7 lorocyprocas
  A dire elephant (Lair:6)
  14 deep elf annihilators
  A minotaur (Gauntlet)
  6 red draconians
  7 yellow draconians
  9 spark wasps
  7 deep elf death magi
  20 green deaths
  11 blizzard demons
  6 eidola
  3 crystal guardians
  4 death oozes (Slime:5)
  Snorg (Lair:6)
  23 ettins
  Josephine (D:10)
  16 fire dragons
  9 jiangshi
  9 deep elf high priests
  27 vault guards
  22 great orbs of eyes
  16 ice dragons
  19 naga warriors
  Erolcha (D:9)
  23 yaktaur captains
  A quicksilver dragon skeleton (Crypt:1)
  Harold (Orc:1)
  8 monstrous demonspawn
  24 hydras
  12 rakshasas
  A shambling mangrove (Swamp:3)
  8 centaur warriors
  2 ghost crabs
  4 catoblepae
  4 spriggan air magi
  9 alligators
  An anaconda (shapeshifter) (Vaults:2)
  28 dancing weapons
  6 death knights
  15 ogre magi
  15 anacondas
  45 two-headed ogres
  A satyr (shapeshifter) (Depths:4)
  9 deep troll earth magi
  7 deep troll shamans
  A titan zombie (D:15)
  5 death yaks (Lair:6)
  6 hell hogs
  8 tengu warriors
  4 spriggan berserkers
  9 orc high priests
  12 vampire magi
  6 holy swine (Pan)
  39 sun demons
  11 naga sharpshooters
  25 deep elf knights
  16 thrashing horrors
  17 wretched stars
  6 shock serpents
  A fire crab (shapeshifter) (Vaults:2)
  11 soul eaters
  19 sixfirhies
  16 hell knights
  2 salamander mystics
  34 skeletal warriors
  3 iron trolls (Depths:3)
  16 shadow wraiths
  12 glowing orange brains
  3 unseen horrors
  8 infernal demonspawn
  21 deep trolls
  4 spatial maelstroms (Abyss:4)
  5 shadow demons (Pan)
  A quicksilver dragon simulacrum (Abyss:4)
  A spriggan druid (Swamp:2)
  12 cherubim (Pan)
  2 gelid demonspawn
  9 naga ritualists
  9 swamp dragons
  2 torturous demonspawn (Pan)
  13 flayed ghosts
  18 wizards
  17 deep elf archers
  2 lindwurms (shapeshifter) (Vaults:5)
  9 necromancers
  A sphinx zombie (Vaults:4)
  Pikel (D:8)
  25 phantasmal warriors
  2 golden dragon skeletons
  An orb spider (Abyss:4)
  5 ironbrand convokers
  A wolf spider zombie (D:13)
  An obsidian statue (Depths:1)
  2 harpies
  72 starcursed masses
  A lindwurm (Lair:6)
  A shadow dragon skeleton (Vaults:4)
  22 orc knights
  3 stone giant zombies
  6 orc sorcerers
  7 mana vipers
  A mana viper (shapeshifter) (Vaults:5)
  13 elephants (Lair:3)
  4 wolf spiders
  9 shining eyes
  8 salamanders
  8 cyclopes
  4 worldbinders (Abyss:4)
  A frost giant zombie (Vaults:4)
  28 moths of wrath
  A fire giant zombie (Crypt:2)
  71 ugly things
  56 deep elf magi
  A tengu skeleton (D:15)
  5 manticores
  12 fire giant skeletons
  3 centaur zombies
  3 frost giant skeletons
  3 rust devils
  7 apocalypse crabs
  15 vault sentinels
  A black mamba (shapeshifter) (D:14)
  A water nymph (shapeshifter) (Vaults:5)
  6 guardian serpents
  A guardian serpent (shapeshifter) (Depths:1)
  22 naga magi
  45 smoke demons
  An ice statue (D:10)
  47 black mambas
  21 orange demons (Pan)
  12 centaur skeletons
  8 gargoyles
  20 spiny frogs
  2 eyes of devastation
  A yaktaur (shapeshifter) (Elf:3)
  A spiny frog (shapeshifter) (Vaults:5)
  A purple draconian zombie (Crypt:1)
  5 hellions
  A rime drake (shapeshifter) (Elf:1)
  A kobold demonologist (D:15)
  9 rime drakes
  2 elves (Depths:3)
  12 demonic crawlers
  2 ice devils (Pan)
  19 freezing wraiths
  17 ancient zymes
  A green draconian zombie (Crypt:2)
  70 yaktaurs
  A hydra zombie (Crypt:1)
  An elf zombie (D:15)
  3 tengu conjurers
  10 efreet
  8 komodo dragons
  20 hellwings
  3 tormentors
  A ghost moth simulacrum (Abyss:4)
  2 guardian mummies (Crypt:3)
  A minotaur skeleton (Crypt:1)
  A yaktaur skeleton (Vaults:4)
  23 red devils
  A human skeleton (Vaults:4)
  A queen bee (Abyss:4)
  10 meliai
  A jumping spider (Vaults:2)
  6 trolls
  15 bog bodies
  7 tyrant leeches
  15 blink frogs
  A shadow dragon simulacrum (Crypt:2)
  92 slime creatures
  52 raiju
  An alligator zombie (Crypt:1)
  12 hornets
  4 hydra skeletons
  2 harpy skeletons (Pan)
  10 hippogriffs
  5 dream sheep (Lair:4)
  78 large abominations
  11 flying skulls
  12 shadows
  2 ettin skeletons (Pan)
  8 spriggans
  7 fire dragon skeletons (Crypt:3)
  2 tarantellas (Vaults:2)
  2 redbacks (Vaults:2)
  19 wraiths
  29 ynoxinuls
  8 water elementals
  2 air elementals
  A yak (shapeshifter) (Vaults:2)
  22 yaks
  2 ice dragon skeletons
  2 vampires
  A wyvern (shapeshifter) (Vaults:1)
  2 humans
  5 hogs
  14 chaos spawn
  15 fire elementals
  24 neqoxecs
  A basilisk (Lair:6)
  A fire bat (Pan)
  8 steam dragons
  A hungry ghost (D:7)
  13 golden eyes
  A water nymph zombie (Crypt:2)
  14 vampire mosquitoes
  18 swamp worms
  16 wargs
  Edmund (D:6)
  A swamp worm (shapeshifter) (Depths:3)
  12 insubstantial wisps
  39 nagas
  Menkaure (D:6)
  An infernal demonspawn zombie (Crypt:1)
  15 spatial vortices (Abyss:4)
  5 acid dragons
  A merfolk zombie (Crypt:2)
  A floating eye (shapeshifter) (Vaults:5)
  A monstrous demonspawn zombie (Crypt:2)
  14 water moccasins
  8 hell hounds
  7 porcupines
  A spiny frog zombie (Abyss:4)
  2 floating eyes (Depths:4)
  64 orc warriors
  A snapping turtle zombie (Crypt:1)
  3 sky beasts
  2 black bears
  14 swamp drakes
  A black bear (shapeshifter) (Vaults:2)
  A slave (D:8)
  4 necrophages
  An eye of draining (shapeshifter) (Depths:4)
  A phantom (D:9)
  6 ice beasts
  A manticore zombie (Crypt:2)
  An ice dragon simulacrum (Crypt:2)
  2 manticore skeletons
  37 ogres
  11 wolves
  A blink frog skeleton (Crypt:1)
  10 boggarts
  11 eyes of draining
  11 centaurs
  12 crocodiles
  3 big kobolds
  Blork the orc (D:5)
  10 bullfrogs
  3 human zombies (Vaults:4)
  2 earth elementals
  A glowing shapeshifter simulacrum (Vaults:4)
  A spiny frog simulacrum (Crypt:2)
  2 scorpions
  2 wyvern zombies
  30 small abominations
  3 wyvern skeletons
  11 killer bees
  12 wights
  A yak skeleton (Crypt:1)
  3 electric eels
  2 howler monkeys
  8 crimson imps
  A lava snake (D:12)
  2 bullfrog zombies
  2 quasits
  49 orc priests
  2 hounds
  4 jellies
  2 bullfrog skeletons
  3 iguanas
  10 iron imps
  26 orc wizards
  2 polar bear simulacra (Lair:2)
  6 worker ants
  3 yak simulacra (Lair:2)
  4 wolf simulacra (Lair:2)
  2 spectral hounds (Depths:3)
  A hound skeleton (D:9)
  11 mummies (Crypt:3)
  A howler monkey skeleton (D:4)
  3 gnolls
  10 adders
  10 shadow imps
  6 white imps
  4 ufetubi
  3 oozes
  An adder zombie (D:6)
  2 worms
  2 ball lightnings (Pan)
  2 dart slugs
  2 leopard geckos
  144 orcs
  A ball python (D:1)
  5 giant cockroaches
  3 hobgoblins
  13 jackals
  19 kobolds
  6 quokkas
  A ball python skeleton (D:4)
  10 bats
  13 frilled lizards
  5 goblins
  A jackal zombie (Crypt:1)
  A kobold skeleton (Pan)
  A leopard gecko zombie (D:3)
  4 quokka zombies
  7 rats
  2 river rat simulacra (Lair:2)
  2 crawling corpses (Elf:3)
  4 fire vortices
  9 starspawn tentacles
3774 creatures vanquished.

Vanquished Creatures (collateral kills)
  Cerebov (Pan)
  the Lernaean hydra (Swamp:4)
  A golden dragon (Vaults:5)
  An Ice Fiend (Pan)
  An eldritch tentacle (Pan)
  Kirke (Lair:4)
  A fire giant (Vaults:5)
  A very ugly thing (Vaults:5)
  A deep elf annihilator (Elf:3)
  4 death oozes (Slime:5)
  A deep elf high priest (Elf:3)
  2 vault guards (Vaults:5)
  A yaktaur captain (Vaults:5)
  2 two-headed ogres
  A vampire mage (Crypt:2)
  A thrashing horror (Abyss:4)
  A flayed ghost (Crypt:3)
  A lindwurm (Lair:6)
  A manticore (Lair:6)
  An ugly thing (Abyss:4)
  A fire giant skeleton (Pan)
  2 orange demons (Pan)
  A smoke demon (Pan)
  A spiny frog (Lair:6)
  A rime drake (Lair:6)
  A komodo dragon (Lair:4)
  A flying skull (Crypt:2)
  3 steam dragons (Lair:3)
  3 yaks (Lair:6)
  6 golden eyes (Pan)
  A basilisk (Lair:6)
  A hog (Lair:4)
  2 neqoxecs
  3 large abominations
  4 hell hounds (Abyss:4)
  A floating eye (Pan)
  An ogre (Vaults:5)
  An eye of draining (Slime:5)
  A yak zombie (Crypt:2)
  4 white imps (Gauntlet)
  2 orcs (Orc:1)
66 creatures vanquished.

Vanquished Creatures (others)
  An eldritch tentacle (Pan)
  A tengu reaver (Depths:4)
  A balrug (Pan)
  A vampire knight (Depths:2)
  A deep elf high priest (Elf:1)
  A blizzard demon (Pan)
  A yaktaur captain (Depths:4)
  An ogre mage (Vaults:2)
  A wizard (Pan)
  A deep elf archer (Elf:1)
  2 necromancers (Depths:2)
  An orange demon (Pan)
  A smoke demon (Pan)
  A freezing wraith (Vaults:1)
  A rime drake (Lair:3)
  A hellwing (Pan)
  A human (Lair:4)
  A chaos spawn (Pan)
  A warg (Orc:2)
  A floating eye (Depths:4)
  A sky beast (D:12)
  An ogre (Vaults:2)
  2 boggarts (Vaults:1)
  A small abomination (Abyss:4)
  2 orc wizards
  15 ball lightnings (Pan)
  2 orcs
  15 fungi
  2 lurking horrors (Abyss:4)
  19 plants
  18 spectral weapons
  31 starspawn tentacles
  4 tentacles (Abyss:4)
  A withered plant (D:15)
135 creatures vanquished.

Grand Total: 3975 creatures vanquished

Notes
Turn   | Place    | Note
-------+----------+-------------------------------------------
     0 | D:1      | Amplified the Merfolk Gladiator began the quest for the
                  | Orb.
     0 | D:1      | Reached XP level 1. HP: 16/16 MP: 1/1
   100 | D:1      | Reached XP level 2. HP: 22/22 MP: 2/2
   219 | D:1      | Reached skill level 5 in Polearms
   339 | D:1      | Reached XP level 3. HP: 27/27 MP: 3/3
   628 | D:1      | Reached skill level 5 in Dodging
  1094 | D:2      | Found a white marble altar of Elyvilon.
  1415 | D:3      | Reached XP level 4. HP: 33/33 MP: 4/4
  2051 | D:4      | Reached XP level 5. HP: 38/38 MP: 5/5
  2142 | D:3      | Found a blossoming altar of Fedhas.
  2665 | D:5      | Entered Level 5 of the Dungeon
  2717 | D:5      | Noticed an orc warrior
  2890 | D:6      | Noticed a sky beast
  2918 | D:6      | Gained mutation: You are somewhat resistant to further
                  | mutation. [potion of mutation]
  2935 | D:6      | Killed a sky beast
  2935 | D:6      | Reached XP level 6. HP: 25/46 MP: 6/6
  3038 | D:6      | Noticed an ice beast
  3059 | D:6      | Killed an ice beast
  3197 | D:6      | Reached XP level 7. HP: 52/52 MP: 7/7
  3315 | D:6      | Found a deep blue altar of Sif Muna.
  3373 | D:6      | Noticed Menkaure
  3386 | D:6      | Killed Menkaure
  3416 | D:6      | Noticed Edmund
  3457 | D:6      | Killed Edmund
  3457 | D:6      | Reached XP level 8. HP: 47/60 MP: 8/8
  3770 | D:6      | Found a sparkling altar of Nemelex Xobeh.
  3926 | D:6      | Got a warped spear
  4114 | D:6      | Reached skill level 10 in Polearms
  4283 | D:5      | Noticed Blork the orc
  4291 | D:5      | Killed Blork the orc
  4374 | D:5      | Found Effoarrey's Distillery.
  4377 | D:5      | Bought a potion of heal wounds for 60 gold pieces
  4377 | D:5      | Bought a potion of berserk rage for 60 gold pieces
  4377 | D:5      | Bought a potion of degeneration for 12 gold pieces
  4385 | D:5      | Found a staircase to the Ecumenical Temple.
  4396 | Temple   | Entered the Ecumenical Temple
  4466 | Temple   | Became a worshipper of Makhleb the Destroyer
  4748 | D:5      | Found a stormy altar of Qazlal.
  5264 | D:7      | Found a sacrificial altar of Ru.
  5302 | D:7      | Noticed a yak
  5303 | D:7      | Identified the cursed +1 spear of Hatred {pain, rPois rC+
                  | rN+ Int+3 Dex+3} (You found it on level 6 of the Dungeon)
  5307 | D:7      | Reached skill level 5 in Fighting
  5307 | D:7      | Reached skill level 10 in Dodging
  5317 | D:7      | Reached XP level 9. HP: 41/68 MP: 9/9
  5387 | D:7      | Reached * piety under Makhleb
  6013 | D:8      | Found a burning altar of Makhleb.
  6044 | D:8      | Got a sapphire flail
  6260 | D:8      | Reached skill level 1 in Invocations
  6501 | D:8      | Reached XP level 10. HP: 58/77 MP: 11/11
  6716 | D:9      | Got a pair of twisted gloves
  6717 | D:9      | Identified the +2 pair of gloves of Zaamewk {rElec rF-
                  | Int+7} (You found it on level 9 of the Dungeon)
  6843 | D:9      | Noticed Erolcha
  6902 | D:9      | Killed Erolcha
  6902 | D:9      | Reached ** piety under Makhleb
  7242 | D:9      | Identified the +3 flail of Miyn {crush, rN+} (You found it
                  | on level 8 of the Dungeon)
  7390 | D:8      | Noticed Pikel
  7441 | D:8      | Killed Pikel
  7679 | D:10     | Entered Level 10 of the Dungeon
  7693 | D:10     | Noticed an ice statue
  7780 | D:10     | Found Cavounn's Armour Shoppe.
  7797 | D:10     | Bought a +4 ring mail of fire resistance for 434 gold
                  | pieces
  7847 | D:10     | Found a portal to a secret trove of treasure.
  7861 | D:10     | Reached skill level 15 in Polearms
  7869 | D:10     | Reached skill level 5 in Invocations
  7921 | D:10     | Reached XP level 11. HP: 83/86 MP: 14/14
  8134 | D:10     | Noticed Josephine
  8148 | D:10     | Killed Josephine
  8237 | D:10     | Reached *** piety under Makhleb
  8878 | D:11     | Reached skill level 1 in Armour
  9104 | D:11     | Noticed a two-headed ogre
  9120 | D:11     | Killed a two-headed ogre
  9328 | D:11     | Found a staircase to the Orcish Mines.
  9419 | D:11     | Found a staircase to the Lair.
  9501 | D:11     | Reached skill level 10 in Fighting
  9544 | D:11     | Noticed a manticore
  9556 | D:11     | Killed a manticore
  9841 | D:11     | Reached **** piety under Makhleb
 10104 | D:12     | Reached XP level 12. HP: 90/98 MP: 16/16
 10485 | Lair:1   | Entered Level 1 of the Lair of Beasts
 10958 | Lair:2   | Found a staircase to the Swamp.
 11076 | Lair:2   | Reached skill level 5 in Armour
 11345 | Lair:2   | Found a staircase to the Snake Pit.
 11499 | Lair:2   | Reached skill level 1 in Stealth
 12784 | Lair:3   | Reached skill level 5 in Stealth
 12784 | Lair:3   | Reached XP level 13. HP: 109/109 MP: 17/17
 12798 | Lair:3   | Reached skill level 1 in Spellcasting
 13038 | Lair:3   | Reached ***** piety under Makhleb
 14049 | Lair:4   | Noticed Kirke
 14081 | Lair:4   | Killed Kirke
 14314 | Lair:4   | You fall through a shaft for 2 floors!
 14314 | Lair:6   | Entered Level 6 of the Lair of Beasts
 14382 | Lair:6   | Found a gate leading to a gauntlet.
 14449 | Gauntlet | Entered a Gauntlet
 14449 | Gauntlet | Found a transporter.
 14459 | Gauntlet | Found a transporter.
 14474 | Gauntlet | Found a transporter.
 14475 | Gauntlet | Found a transporter.
 14485 | Gauntlet | Found a transporter.
 14505 | Gauntlet | Found a transporter.
 14518 | Gauntlet | Found a transporter.
 14538 | Gauntlet | Found a transporter.
 14542 | Gauntlet | Found a transporter.
 14550 | Gauntlet | Found a transporter.
 14567 | Gauntlet | Found a runed translucent door.
 14579 | Gauntlet | Found a transporter.
 14579 | Gauntlet | Found a transporter.
 14727 | Gauntlet | Got a scintillating marble ring
 14729 | Gauntlet | Identified the ring "Giynue" {rF+ rC- MP-9 Dex+7 Slay+6}
                  | (You found it in a Gauntlet)
 14756 | Gauntlet | Cast into level 2 of the Abyss (a wizard)
 14818 | Abyss:2  | Noticed an Executioner
 14937 | Abyss:2  | Noticed a tentacled starspawn
 15242 | Abyss:2  | Found a corrupted altar of Lugonu.
 15255 | Abyss:2  | Noticed a tentacled starspawn
 15275 | Abyss:2  | Killed a tentacled starspawn
 15275 | Abyss:2  | Reached skill level 5 in Spellcasting
 15279 | Abyss:2  | Noticed a starcursed mass
 15343 | Gauntlet | Escaped the Abyss
 15379 | Gauntlet | Got a transparent helmet
 15390 | Gauntlet | Identified the +1 helmet "Luarymat" {rC+} (You found it in
                  | a Gauntlet)
 15408 | Gauntlet | Noticed a minotaur
 15426 | Gauntlet | Killed a minotaur
 15535 | Lair:6   | Reached XP level 14. HP: 119/119 MP: 13/22
 15683 | Lair:6   | Noticed Snorg
 15782 | Lair:6   | Reached skill level 15 in Dodging
 15791 | Lair:6   | Killed Snorg
 16020 | Lair:6   | Found a staircase to the Slime Pits.
 16248 | Lair:6   | Noticed a dire elephant
 16273 | Lair:6   | Killed a dire elephant
 17700 | Lair:5   | Identified a scroll of acquirement
 17701 | Lair:5   | Got a shimmering longbow
 17702 | Lair:5   | Identified the +5 longbow "Umohyef" {venom, rC- Str+4
                  | Dex+4} (You acquired it on level 5 of the Lair of Beasts)
 18019 | Lair:4   | Reached skill level 15 in Fighting
 18627 | Orc:1    | Entered Level 1 of the Orcish Mines
 18627 | Orc:1    | Noticed Harold
 18642 | Orc:1    | Killed Harold
 19872 | D:11     | Reached XP level 15. HP: 121/129 MP: 18/27
 20357 | Orc:1    | Found a roughly hewn altar of Beogh.
 20442 | Orc:2    | Entered Level 2 of the Orcish Mines
 20471 | Orc:2    | Noticed Saint Roka
 20492 | Orc:2    | Killed Saint Roka
 20704 | Orc:2    | Noticed an orc warlord
 20728 | Orc:2    | Killed an orc warlord
 20979 | Orc:2    | Paralysed by an orc sorcerer for 7 turns
 21075 | Orc:2    | Found a staircase to the Elven Halls.
 21159 | Orc:2    | Found Mimeoset's General Store.
 21195 | Orc:2    | Bought a scroll of identify for 36 gold pieces
 21195 | Orc:2    | Bought a scroll of teleportation for 54 gold pieces
 21195 | Orc:2    | Bought a scroll of magic mapping for 63 gold pieces
 21215 | Orc:2    | Found Mosoyhap's Antique Armour Shop.
 21281 | Orc:2    | Noticed an orc warlord
 21303 | Orc:2    | Killed an orc warlord
 21523 | Orc:2    | Found Ridupn's Book Boutique.
 21539 | Orc:2    | Reached ****** piety under Makhleb
 21553 | Orc:2    | Found a roughly hewn altar of Beogh.
 21642 | Orc:2    | Noticed an orc warlord
 21652 | Orc:2    | Killed an orc warlord
 21675 | Orc:2    | Found Oposin's Food Shop.
 21809 | Orc:2    | Found a roughly hewn altar of Beogh.
 21846 | Orc:2    | Bought a jewelled chain mail for 351 gold pieces
 21846 | Orc:2    | Bought a pair of runed boots for 277 gold pieces
 21867 | Orc:2    | Identified the cursed +0 chain mail of Complete Protection
                  | {*Corrode rPois rN+ Str+3} (You bought it in a shop on
                  | level 2 of the Orcish Mines)
 22383 | D:12     | Identified the ring "Eskaz" {rElec rF++ Int+2}
 22661 | D:12     | Noticed Jorgrun
 22670 | D:12     | Killed Jorgrun
 23173 | D:13     | Found Ofik's Armour Emporium.
 23199 | D:13     | Bought the +2 helmet of the Beginning {rF+} for 285 gold
                  | pieces
 23726 | D:13     | Reached XP level 16. HP: 136/136 MP: 19/28
 23794 | D:13     | Got a bronze chain mail
 23919 | D:13     | Identified the +2 chain mail "Elath" {rPois} (You found it
                  | on level 13 of the Dungeon)
 24261 | D:14     | Noticed Agnes
 24274 | D:14     | Killed Agnes
 24414 | D:14     | Found a gate to the Vaults.
 24567 | D:14     | Noticed Azrael
 24584 | D:14     | Killed Azrael
 24837 | D:14     | Found Romiof's General Store.
 24842 | D:14     | Bought a scroll of identify for 24 gold pieces
 24842 | D:14     | Bought a scroll of fear for 42 gold pieces
 25421 | D:15     | Entered Level 15 of the Dungeon
 25643 | D:15     | Found a staircase to the Depths.
 25686 | D:15     | Noticed Rupert
 25699 | D:15     | Killed Rupert
 26555 | Elf:1    | Entered Level 1 of the Elven Halls
 26735 | Elf:1    | Found Nagyagi's Gadget Shop.
 26770 | Elf:1    | Found Udegisal's Assorted Antiques.
 26781 | Elf:1    | Bought a wand of digging (4) for 200 gold pieces
 26826 | Elf:1    | Reached XP level 17. HP: 144/144 MP: 20/29
 26844 | Elf:1    | Found Ytuishru's Book Boutique.
 26854 | Elf:1    | Found Tuismy's Antique Weapon Emporium.
 27409 | Elf:1    | Identified the cursed +2 mace "Cuirorgh" {freeze, +Fly}
 27992 | Elf:1    | Found a runed translucent gate.
 27992 | Elf:1    | Found a runed translucent gate.
 27992 | Elf:1    | Found a runed translucent gate.
 27992 | Elf:1    | Found a runed translucent gate.
 27992 | Elf:1    | Found a runed translucent gate.
 27994 | Elf:1    | Found a runed translucent gate.
 28013 | Elf:1    | Found Goxkaeq's Book Boutique.
 28665 | Elf:2    | Found a huge runed translucent gate.
 28665 | Elf:2    | Found a huge runed translucent gate.
 28665 | Elf:2    | Found a huge runed translucent gate.
 28671 | Elf:2    | Found a huge runed translucent gate.
 28672 | Elf:2    | Found a huge runed translucent gate.
 28835 | Elf:2    | Noticed a Hell Sentinel
 29074 | Elf:3    | Entered Level 3 of the Elven Halls
 29249 | Elf:3    | Reached XP level 18. HP: 155/155 MP: 21/30
 29316 | Elf:3    | Noticed a deep elf blademaster
 29343 | Elf:3    | Killed a deep elf blademaster
 29666 | Elf:3    | Noticed Asterion
 29673 | Elf:3    | Killed Asterion
 29731 | Elf:3    | Identified the cursed +2 trident of Mandamus {pierce, +Inv}
 29752 | Elf:3    | Noticed a deep elf master archer
 29754 | Elf:3    | Identified the ring "Destean" {rPois rN+ MR++ Str+2 Stlth-}
 29786 | Elf:3    | Killed a deep elf master archer
 30024 | Elf:3    | Identified the +9 triple sword of the Eight Hells {slice,
                  | +Rage rC+ Str+6}
 30058 | Elf:3    | Identified the +2 plate armour of Context {rF+ rN++ rCorr}
 30192 | Elf:3    | Identified the ring of Dyewk {*Corrode rElec Dex+3 Slay+4
                  | SInv}
 30219 | Elf:3    | Identified the +10 chain mail of Liberty {rCorr Dex+2}
 30323 | Elf:3    | Identified Enonoun's Collected Works on Unstable
                  | Translocation
 30326 | Elf:3    | Identified the Grimoire of Aid and Summoning
 30334 | Elf:3    | Identified Yruvefoi's Almanac of Aerial Toxins
 30360 | Elf:3    | Got a pair of polished gloves
 30476 | Elf:3    | Got a smoking chain mail
 31373 | Elf:1    | Reached skill level 10 in Armour
 31550 | D:10     | Identified the +2 pair of gloves "Butius" {Str+3} (You
                  | found it on level 3 of the Elven Halls)
 31570 | D:10     | Identified the +8 chain mail "Ceptomif" {Int+3 Dex+2} (You
                  | found it on level 3 of the Elven Halls)
 31665 | Swamp:1  | Entered Level 1 of the Swamp
 31766 | Swamp:1  | Reached XP level 19. HP: 164/164 MP: 22/31
 31869 | Swamp:1  | Found a shimmering altar of Xom.
 31878 | Swamp:1  | Noticed Louise
 31892 | Swamp:1  | Killed Louise
 32575 | Swamp:2  | Found a hide-covered altar of Uskayaw.
 33072 | Swamp:3  | Got a pair of transparent boots
 33091 | Swamp:3  | Identified the cursed -6 pair of boots "Hietaysu" {rElec
                  | rCorr Int+7 Slay-3} (You found it on level 3 of the Swamp)
 33524 | Swamp:4  | Entered Level 4 of the Swamp
 33772 | Swamp:4  | Noticed the 27-headed Lernaean hydra
 34086 | Swamp:4  | Killed the 26-headed Lernaean hydra
 34234 | Swamp:4  | Got a decaying rune of Zot
 34759 | D:10     | You paid a toll of 20 scrolls of identify to enter a
                  | treasure trove
 34760 | Trove    | Entered a treasure trove
 34776 | Trove    | Found the +15 Maxwell's patent armour {-Cast -Tele rElec
                  | MR+ rCorr}
 34778 | Trove    | Got a warped shield
 34780 | Trove    | Got a smoking troll leather armour
 34824 | Trove    | Reached XP level 20. HP: 175/175 MP: 23/32
 34878 | D:10     | Identified the +5 shield of Somewhere Else {rC- Str+3 Int+3
                  | Slay+2} (You found it in a treasure trove)
 34879 | D:10     | Identified the +4 troll leather armour of the Heavens
                  | {+Blink Regen+ Dex+4} (You found it in a treasure trove)
 35029 | Vaults:1 | Entered Level 1 of the Vaults
 35784 | Snake:1  | Entered Level 1 of the Snake Pit
 35836 | Snake:1  | Reached XP level 21. HP: 182/182 MP: 24/33
 36425 | Snake:1  | Got a faintly glowing robe
 36426 | Snake:1  | Identified the cursed +0 robe "Ecoud" {rC+ Dex+4 SInv} (You
                  | found it on level 1 of the Snake Pit)
 36430 | Snake:2  | Noticed Aizul
 36454 | Snake:2  | Killed Aizul
 36615 | Snake:2  | Noticed Donald
 36648 | Snake:2  | Killed Donald
 37132 | Snake:2  | Identified the +2 robe "Polopaulu" {rC+ Dex+8}
 37295 | Snake:3  | Noticed Nikola
 37312 | Snake:3  | Killed Nikola
 37861 | Snake:3  | Reached skill level 10 in Spellcasting
 38170 | Snake:4  | Entered Level 4 of the Snake Pit
 38401 | Snake:4  | Found an ornate altar of the Wu Jian Council.
 38896 | Snake:4  | Reached XP level 22. HP: 187/192 MP: 28/37
 39178 | Snake:4  | Got a serpentine rune of Zot
 39746 | Vaults:1 | Cast into level 3 of the Abyss (a deep elf sorcerer)
 39750 | Abyss:3  | Found a corrupted altar of Lugonu.
 39784 | Vaults:1 | Escaped the Abyss
 40468 | Vaults:1 | Found Biemavor's Distillery.
 40474 | Vaults:1 | Bought a potion of heal wounds for 90 gold pieces
 40474 | Vaults:1 | Bought 2 potions of heal wounds for 180 gold pieces
 40474 | Vaults:1 | Bought 2 potions of agility for 144 gold pieces
 40474 | Vaults:1 | Bought a potion of agility for 72 gold pieces
 40474 | Vaults:1 | Bought a potion of curing for 54 gold pieces
 40474 | Vaults:1 | Bought a potion of mutation for 144 gold pieces
 40494 | Vaults:1 | You fall through a shaft!
 40828 | Vaults:2 | Noticed Boris
 40850 | Vaults:2 | Killed Boris
 40962 | Vaults:2 | Got a translucent scale mail
 40963 | Vaults:2 | Identified the +3 scale mail "Sik Cera" {Stlth+} (You found
                  | it on level 2 of the Vaults)
 41178 | Vaults:2 | Reached skill level 10 in Invocations
 41402 | Vaults:2 | Reached XP level 23. HP: 202/202 MP: 30/39
 41582 | Vaults:2 | Found Hur Mudeil's Antique Weapon Boutique.
 43163 | Vaults:3 | Found Cotsisew's Weapon Boutique.
 43171 | Vaults:3 | Found a staircase to the Crypt.
 44133 | Vaults:4 | Found Zunn's Jewellery Shop.
 44141 | Vaults:4 | Bought the ring "Zixetaerghu" {rC++ rN+ Str-2 Slay+3
                  | Stlth+} for 1114 gold pieces
 45037 | Crypt:1  | Entered Level 1 of the Crypt
 45627 | Crypt:1  | Reached XP level 24. HP: 213/213 MP: 39/39
 45742 | Crypt:1  | Reached skill level 15 in Invocations
 45855 | Crypt:1  | Got a heavily runed scale mail
 45856 | Crypt:1  | Identified the +1 scale mail of Anaesthesia {rElec MR+
                  | Int+4} (You found it on level 1 of the Crypt)
 46491 | Crypt:3  | Entered Level 3 of the Crypt
 46908 | Crypt:3  | Found a staircase to the Tomb.
 47206 | Crypt:3  | Identified the Incunabulum of Frigorific Shape Shifting
 47689 | Crypt:3  | Found an ancient bone altar of Kikubaaqudgha.
 47691 | Crypt:3  | Noticed an ancient lich
 47713 | Crypt:3  | Killed an ancient lich
 48022 | Crypt:3  | Noticed an ancient lich
 48030 | Crypt:3  | Killed an ancient lich
 48613 | Crypt:3  | Found the +3 pair of gauntlets of War {Slay+5}
 49793 | Crypt:2  | Reached XP level 25. HP: 223/223 MP: 40/40
 50174 | Depths:1 | Entered Level 1 of the Depths
 51503 | Depths:2 | Identified the +7 quarterstaff of Feli {crush, rF+ Dex+3}
 51513 | Depths:2 | Noticed Boris
 51529 | Depths:2 | Killed Boris
 52126 | Depths:2 | Identified Vushonoa's Tome of Flying Augmentations
 52276 | Depths:2 | Found Bionoecu's Antique Weapon Shop.
 52615 | Depths:2 | Found a gateway to Hell.
 53292 | Depths:3 | Learned a level 3 spell: Spectral Weapon
 53507 | Depths:3 | Reached XP level 26. HP: 233/233 MP: 40/40
 53564 | Depths:3 | Found a one-way gate leading to the halls of Pandemonium.
 53569 | Depths:3 | Reached XP level 27. HP: 240/240 MP: 40/40
 53925 | Depths:3 | Found Laowkoyxt's Slaves and Accessories.
 53973 | Depths:3 | Found Jack's Jerk-a-riffic Jerky.
 54033 | Depths:3 | Bought a ration for 65 gold pieces
 54033 | Depths:3 | Bought a ration for 65 gold pieces
 54033 | Depths:3 | Bought a ration for 65 gold pieces
 54033 | Depths:3 | Bought a ration for 65 gold pieces
 54033 | Depths:3 | Bought a ration for 65 gold pieces
 54033 | Depths:3 | Bought a ration for 65 gold pieces
 54033 | Depths:3 | Bought a ration for 65 gold pieces
 54033 | Depths:3 | Bought a ration for 65 gold pieces
 54033 | Depths:3 | Bought a ration for 65 gold pieces
 54033 | Depths:3 | Bought a ration for 65 gold pieces
 54071 | Depths:3 | Found Telechu's Miraculous Elixirs.
 54105 | Depths:3 | Bought a potion of mutation for 400 gold pieces
 54105 | Depths:3 | Bought 2 potions of mutation for 800 gold pieces
 54105 | Depths:3 | Bought a potion of mutation for 400 gold pieces
 54105 | Depths:3 | Bought a potion of mutation for 400 gold pieces
 54105 | Depths:3 | Bought a potion of mutation for 400 gold pieces
 54105 | Depths:3 | Bought a potion of mutation for 400 gold pieces
 54105 | Depths:3 | Bought a potion of mutation for 400 gold pieces
 54105 | Depths:3 | Bought a potion of mutation for 400 gold pieces
 54105 | Depths:3 | Bought a potion of mutation for 400 gold pieces
 54105 | Depths:3 | Bought a potion of mutation for 400 gold pieces
 54247 | Depths:3 | Found The Legendary Onaimes's Legendary Smithy.
 54536 | Depths:4 | Reached skill level 27 in Polearms
 54819 | Depths:4 | Found a one-way gate to the infinite horrors of the Abyss.
 54928 | Depths:4 | Got a smoking iron ring
 54955 | Depths:4 | Identified the ring of Terra Nullius {rPois rF+ Str-3 SInv}
                  | (You found it on level 4 of the Depths)
 55275 | Depths:4 | Noticed Boris
 55289 | Depths:4 | Killed Boris
 55583 | Depths:4 | Paralysed by a floating eye for 4 turns
 55816 | Depths:4 | Paralysed by a floating eye for 2 turns
 55934 | Depths:4 | Reached skill level 27 in Fighting
 55958 | Depths:4 | Reached skill level 1 in Evocations
 55982 | Depths:4 | Reached skill level 1 in Crossbows
 55982 | Depths:4 | Reached skill level 1 in Air Magic
 56018 | Depths:4 | Found a runed translucent door.
 56019 | Depths:4 | Found a runed translucent door.
 56020 | Depths:4 | Found a runed translucent door.
 56131 | Depths:4 | Paralysed by a floating eye for 4 turns
 56174 | Depths:4 | Paralysed by a floating eye for 2 turns
 56181 | Depths:4 | Paralysed by a floating eye for 4 turns
 56435 | Depths:4 | Found a blossoming altar of Fedhas.
 56473 | Depths:4 | Reached skill level 5 in Evocations
 56519 | Depths:4 | Identified the +1 robe of Inquiry {+Blink +Fly MR+ Dex-4}
                  | (You found it on level 4 of the Depths)
 56709 | Depths:4 | Reached skill level 5 in Air Magic
 56763 | Depths:5 | Entered Level 5 of the Depths
 56774 | Depths:5 | Found a gateway to a ziggurat.
 57018 | Depths:5 | Reached skill level 10 in Stealth
 57218 | Depths:5 | Found Ogubeqa's Assorted Antiques.
 57230 | Depths:5 | Bought a scroll of blinking for 262 gold pieces
 57230 | Depths:5 | Bought a scroll of fog for 70 gold pieces
 57230 | Depths:5 | Bought 2 potions of mutation for 560 gold pieces
 57723 | Depths:5 | Found a gate to the Realm of Zot.
 57908 | Depths:1 | Found a sparkling altar of Nemelex Xobeh.
 57949 | Depths:1 | Found a runed translucent gate.
 57950 | Depths:1 | Found a runed translucent gate.
 58291 | Depths:1 | Reached skill level 10 in Evocations
 58406 | Depths:1 | Found a runed translucent gate.
 58407 | Depths:1 | Found an opulent altar of Gozag.
 58408 | Depths:1 | Noticed Maodecw's ghost (adept VSGl)
 58488 | Depths:1 | Killed Maodecw's ghost
 59010 | Vaults:5 | Entered Level 5 of the Vaults
 59158 | Vaults:5 | Noticed an ancient lich
 59178 | Vaults:5 | Reached skill level 10 in Air Magic
 59181 | Vaults:5 | Killed an ancient lich
 59260 | Vaults:5 | Reached skill level 15 in Stealth
 59457 | Vaults:5 | Identified the +1 leather armour of Beauty {rC+ Int+9} (You
                  | found it on level 5 of the Vaults)
 59566 | Vaults:5 | Got a silver rune of Zot
 59692 | Vaults:5 | Got a flickering bronze ring
 59710 | Vaults:5 | Identified the ring "Mebrassa" {rCorr Str-2 Int+3} (You
                  | found it on level 5 of the Vaults)
 59943 | Vaults:5 | Found Soetiowe's Magic Scroll Shoppe.
 59943 | Vaults:5 | Found Uqewon's Distillery.
 59946 | Vaults:5 | Found Neoxang's Magic Scroll Shop.
 59947 | Vaults:5 | Bought a scroll of blinking for 120 gold pieces
 59947 | Vaults:5 | Bought a scroll of fog for 32 gold pieces
 59947 | Vaults:5 | Bought a scroll of blinking for 120 gold pieces
 59947 | Vaults:5 | Bought 3 scrolls of enchant armour for 360 gold pieces
 59947 | Vaults:5 | Bought a scroll of enchant armour for 120 gold pieces
 59947 | Vaults:5 | Bought a scroll of identify for 32 gold pieces
 59954 | Vaults:5 | Bought a potion of haste for 140 gold pieces
 59954 | Vaults:5 | Bought a potion of heal wounds for 70 gold pieces
 59954 | Vaults:5 | Bought a potion of resistance for 140 gold pieces
 59968 | Vaults:5 | Bought a scroll of fear for 66 gold pieces
 59968 | Vaults:5 | Bought a scroll of magic mapping for 66 gold pieces
 60093 | Vaults:5 | Reached skill level 1 in Charms
 60543 | Vaults:5 | Identified the +7 glaive of Doom {chop, MR+++ Str-2 SInv
                  | Stlth-} (You found it on level 5 of the Vaults)
 60546 | Vaults:5 | Identified the cursed +0 scale mail of Resonance {MR- Str+3
                  | Stlth+} (You found it on level 5 of the Vaults)
 60551 | Vaults:5 | Identified the Reference Book on Dislocation and Talismans
 60975 | Zot:1    | Entered Level 1 of the Realm of Zot
 61101 | Zot:1    | Learned a level 6 spell: Deflect Missiles
 61482 | Zot:1    | Reached skill level 5 in Charms
 63523 | Zot:4    | Reached skill level 15 in Spellcasting
 63966 | Zot:5    | Entered Level 5 of the Realm of Zot
 64595 | Zot:4    | Reached skill level 10 in Charms
 64843 | Hell     | Entered the Vestibule of Hell
 64843 | Hell     | Noticed Murray
 64853 | Hell     | Noticed Geryon
 64942 | Depths:5 | Killed Murray
 65635 | Slime:1  | Entered Level 1 of the Pits of Slime
 65816 | Slime:4  | Noticed Dissolution
 65822 | Slime:4  | Paralysed by a floating eye for 3 turns
 65826 | Slime:3  | Killed Dissolution
 65881 | Slime:5  | Entered Level 5 of the Pits of Slime
 65946 | Slime:5  | Gained mutation: You have a pair of small antennae on your
                  | head. [a shining eye]
 65950 | Slime:5  | Noticed the Royal Jelly
 65966 | Slime:5  | Killed the Royal Jelly
 66515 | Slime:3  | Lost mutation: You have a pair of small antennae on your
                  | head. [potion of mutation]
 66515 | Slime:3  | Lost mutation: You are somewhat resistant to further
                  | mutation. [potion of mutation]
 66515 | Slime:3  | Gained mutation: Your muscles are strong. (Str +2) [potion
                  | of mutation]
 66515 | Slime:3  | Gained mutation: Your natural rate of healing is unusually
                  | fast. [potion of mutation]
 67272 | Slime:5  | Gained mutation: Scrolls take you a little longer to read.
                  | [a shining eye]
 67423 | Slime:5  | Got a vibrating iron ring
 67497 | Slime:5  | Got a slimy rune of Zot
 67809 | Slime:5  | Identified the ring "Futhroog" {rElec rF+ Str+6} (You found
                  | it on level 5 of the Pits of Slime)
 67842 | Slime:5  | Got ancient ice dragon scales
 67845 | Slime:5  | Identified the +7 ice dragon scales "Ojase" {rPois rF- rC++
                  | MR+ Dex+2} (You found it on level 5 of the Pits of Slime)
 67856 | Slime:5  | Identified the +11 rapier "Giantbane" {venom, SInv} (You
                  | found it on level 5 of the Pits of Slime)
 67859 | Slime:5  | Identified the +4 rapier of Nufriud {antimagic, +Blink rC+
                  | Int+4 Dex+3} (You found it on level 5 of the Pits of Slime)
 67875 | Slime:5  | Lost mutation: Your muscles are strong. (Str +2) [potion of
                  | mutation]
 67875 | Slime:5  | Gained mutation: You are agile. (Dex +2) [potion of
                  | mutation]
 67875 | Slime:5  | Gained mutation: You have a pair of small horns on your
                  | head. [potion of mutation]
 67876 | Slime:5  | Lost mutation: Scrolls take you a little longer to read.
                  | [potion of mutation]
 67876 | Slime:5  | Lost mutation: You are agile. (Dex +2) [potion of mutation]
 67876 | Slime:5  | Lost mutation: You have a pair of small horns on your head.
                  | [potion of mutation]
 67876 | Slime:5  | Gained mutation: Your spells are a little easier to cast,
                  | but a little less powerful. [potion of mutation]
 67876 | Slime:5  | Gained mutation: You are partially covered in large bone
                  | plates. (SH +4) [potion of mutation]
 67876 | Slime:5  | Gained mutation: Your magical capacity is low. (-10% MP)
                  | [potion of mutation]
 67876 | Slime:5  | Gained mutation: You passively map a small area around you.
                  | [potion of mutation]
 67877 | Slime:5  | Lost mutation: Your magical capacity is low. (-10% MP)
                  | [potion of mutation]
 67877 | Slime:5  | Lost mutation: You passively map a small area around you.
                  | [potion of mutation]
 67877 | Slime:5  | Lost mutation: Your spells are a little easier to cast, but
                  | a little less powerful. [potion of mutation]
 67877 | Slime:5  | Lost mutation: You are partially covered in large bone
                  | plates. (SH +4) [potion of mutation]
 67877 | Slime:5  | Gained mutation: You are frail. (-10% HP) [potion of
                  | mutation]
 67877 | Slime:5  | Gained mutation: You are partially covered in molten
                  | scales. (AC +2) [potion of mutation]
 67878 | Slime:5  | Lost mutation: You are frail. (-10% HP) [potion of
                  | mutation]
 67878 | Slime:5  | Lost mutation: You are partially covered in molten scales.
                  | (AC +2) [potion of mutation]
 67878 | Slime:5  | Lost mutation: Your natural rate of healing is unusually
                  | fast. [potion of mutation]
 67878 | Slime:5  | Gained mutation: You occasionally shout uncontrollably at
                  | your foes. [potion of mutation]
 67878 | Slime:5  | Gained mutation: You can translocate small distances at
                  | will. [potion of mutation]
 67879 | Slime:5  | Lost mutation: You can translocate small distances at will.
                  | [potion of mutation]
 67879 | Slime:5  | Lost mutation: You occasionally shout uncontrollably at
                  | your foes. [potion of mutation]
 67879 | Slime:5  | Gained mutation: Your muscles are strong. (Str +2) [potion
                  | of mutation]
 67879 | Slime:5  | Gained mutation: Your natural rate of healing is unusually
                  | fast. [potion of mutation]
 67879 | Slime:5  | Gained mutation: You are robust. (+10% HP) [potion of
                  | mutation]
 67879 | Slime:5  | Gained mutation: Your muscles are very strong. (Str +4)
                  | [potion of mutation]
 68299 | Depths:4 | Voluntarily entered the Abyss.
 68745 | Abyss:2  | Paralysed by accursed screaming for 2 turns
 68752 | Abyss:2  | Paralysed by accursed screaming for 2 turns
 69821 | Abyss:4  | Identified the Guide on Unstable Stones
 70170 | Abyss:4  | Found a hide-covered altar of Uskayaw.
 70188 | Abyss:4  | Found a hide-covered altar of Uskayaw.
 70361 | Abyss:4  | Noticed an ancient lich
 70376 | Abyss:4  | Killed an ancient lich
 71157 | Abyss:4  | Paralysed by you for 5 turns
 71208 | Abyss:4  | Got an abyssal rune of Zot
 71244 | Abyss:4  | Reached skill level 27 in Dodging
 71768 | Depths:4 | Escaped the Abyss
 71782 | Depths:4 | Learned a level 5 spell: Silence
 71786 | Depths:4 | Lost mutation: Your muscles are very strong. (Str +4)
                  | [potion of mutation]
 71786 | Depths:4 | Lost mutation: You are robust. (+10% HP) [potion of
                  | mutation]
 71786 | Depths:4 | Gained mutation: Your flesh is heat resistant. (rF+)
                  | [potion of mutation]
 71786 | Depths:4 | Gained mutation: You are agile. (Dex +2) [potion of
                  | mutation]
 72319 | Zot:5    | Noticed an ancient lich
 72319 | Zot:5    | Noticed an ancient lich
 72331 | Zot:5    | Killed an ancient lich
 72333 | Zot:5    | Killed an ancient lich
 72380 | Zot:5    | Noticed an ancient lich
 72394 | Zot:5    | Killed an ancient lich
 72397 | Zot:5    | Noticed an orb of fire
 72400 | Zot:5    | Noticed an ancient lich
 72403 | Zot:5    | Gained mutation: Armour fits poorly on your strangely
                  | shaped body. [an orb of fire]
 72408 | Zot:5    | Killed an orb of fire
 72414 | Zot:5    | Killed an ancient lich
 72456 | Zot:5    | Noticed an orb of fire
 72456 | Zot:5    | Noticed an ancient lich
 72465 | Zot:5    | Noticed an orb of fire
 72466 | Zot:5    | Noticed an orb of fire
 72469 | Zot:5    | Lost mutation: You are agile. (Dex +2) [an orb of fire]
 72473 | Zot:5    | Killed an ancient lich
 72473 | Zot:5    | Reached skill level 15 in Armour
 72625 | Zot:5    | Lost mutation: Armour fits poorly on your strangely shaped
                  | body. [potion of mutation]
 72625 | Zot:5    | Lost mutation: Your flesh is heat resistant. (rF+) [potion
                  | of mutation]
 72625 | Zot:5    | Gained mutation: You are surrounded by a mild repulsion
                  | field. (EV +2) [potion of mutation]
 72625 | Zot:5    | Gained mutation: You are partially covered in yellow
                  | scales. (AC +2) [potion of mutation]
 73703 | Depths:1 | Found a sparkling altar of Nemelex Xobeh.
 73845 | Depths:1 | Found an opulent altar of Gozag.
 74283 | Pan      | Entered Pandemonium
 74353 | Pan      | Learned a level 2 spell: Blink
 74403 | Pan      | Found an exit through the horrors of the Abyss.
 74667 | Pan      | Noticed Vaek the pandemonium lord
 74763 | Pan      | Killed Vaek the pandemonium lord
 75137 | Pan      | Noticed Balaul Eda the pandemonium lord
 75229 | Pan      | Got a demonic rune of Zot
 75303 | Pan      | Gained mutation: Armour fits poorly on your strangely
                  | shaped body. [a neqoxec]
 75305 | Pan      | Lost mutation: You are partially covered in yellow scales.
                  | (AC +2) [potion of mutation]
 75305 | Pan      | Lost mutation: You are surrounded by a mild repulsion
                  | field. (EV +2) [potion of mutation]
 75305 | Pan      | Gained mutation: You are frail. (-10% HP) [potion of
                  | mutation]
 75305 | Pan      | Gained mutation: Your body sometimes deteriorates upon
                  | taking damage. [potion of mutation]
 75305 | Pan      | Gained mutation: Your system is resistant to poisons.
                  | (rPois) [potion of mutation]
 75306 | Pan      | Lost mutation: Your system is resistant to poisons. (rPois)
                  | [potion of mutation]
 75306 | Pan      | Lost mutation: Your body sometimes deteriorates upon taking
                  | damage. [potion of mutation]
 75306 | Pan      | Lost mutation: You are frail. (-10% HP) [potion of
                  | mutation]
 75306 | Pan      | Gained mutation: You possess an exceptional clarity of
                  | mind. [potion of mutation]
 75306 | Pan      | Gained mutation: Your spells are a little harder to cast,
                  | but a little more powerful. [potion of mutation]
 75532 | Pan      | Noticed Nued the pandemonium lord
 75546 | Pan      | Killed Nued the pandemonium lord
 75738 | Pan      | Noticed Soist the pandemonium lord
 76234 | Pan      | Lost mutation: Your natural rate of healing is unusually
                  | fast. [potion of mutation]
 76234 | Pan      | Lost mutation: Armour fits poorly on your strangely shaped
                  | body. [potion of mutation]
 76234 | Pan      | Gained mutation: You can translocate small distances at
                  | will. [potion of mutation]
 76234 | Pan      | Gained mutation: You passively map a small area around you.
                  | [potion of mutation]
 76240 | Pan      | Noticed a seraph
 76301 | Pan      | Killed a seraph
 76478 | Pan      | Found a glowing golden altar of the Shining One.
 76486 | Pan      | Got a bound jade ring
 76487 | Pan      | Identified Osoalyr's Compendium of Malediction and Snow
 76490 | Pan      | Got an encrusted broad axe
 76494 | Pan      | Identified the cursed +1 broad axe of Maatyike {chop, rN+}
                  | (You found it in Pandemonium)
 76495 | Pan      | Identified the ring of Foaschif {*Drain MR++ EV+2 Slay+4}
                  | (You found it in Pandemonium)
 76552 | Pan      | Identified the +4 large shield of Benevolence {rCorr Str+7}
 76785 | Pan      | Found a white marble altar of Elyvilon.
 77595 | Pan      | Identified the cursed +0 large shield of Depression {MR+}
 77642 | Pan      | Found a glowing silver altar of Zin.
 78123 | Pan      | Learned a level 5 spell: Dispel Undead
 78126 | Pan      | Learned a level 2 spell: Passwall
 78185 | Pan      | Noticed Iplez the pandemonium lord
 78280 | Pan      | Reached skill level 1 in Transmutations
 78319 | Pan      | Reached skill level 1 in Necromancy
 78656 | Pan      | Found a transporter.
 79024 | Pan      | Found a transporter.
 79176 | Pan      | Identified the ring "Muunnouc" {Dex+4 Slay+2}
 79206 | Pan      | Identified the Almanac of Noxious Execration
 79259 | Pan      | Reached skill level 5 in Transmutations
 79402 | Pan      | Identified the +1 pair of gloves of Gozag's Castigation
                  | {MR+} (You found it in Pandemonium)
 79509 | Pan      | Entered the realm of Cerebov.
 79511 | Pan      | Identified the +6 sword of Cerebov {flame}
 79511 | Pan      | Noticed Cerebov
 80111 | Pan      | Identified the cursed +1 halberd of Joyful Slaughter
                  | {protect, rC+}
 80115 | Pan      | Identified the +2 halberd of Hipuh {speed, rPois Dex+2}
 80195 | Pan      | Identified the +7 scimitar "Hucwol" {protect, rElec rC+
                  | Int-2 Dex+2}
 80252 | Pan      | Reached skill level 5 in Necromancy
 80373 | Pan      | Got a pair of heavily runed boots
 80374 | Pan      | Identified the +0 pair of boots "Koru Seo" {+Inv rF+ Dex+4}
                  | (You found it in Pandemonium)
 80432 | Pan      | Reached skill level 1 in Ice Magic
 80463 | Pan      | Identified the cursed +0 scale mail of the Poles {+Blink
                  | Str+3 Slay+2} (You found it in Pandemonium)
 80516 | Pan      | Killed Cerebov
 80516 | Pan      | Reached skill level 5 in Ice Magic
 80690 | Pan      | Got a fiery rune of Zot
 81000 | Pan      | Entered the realm of Mnoleg.
 81269 | Pan      | Gained mutation: Your magical capacity is low. (-10% MP) [a
                  | neqoxec]
 81279 | Pan      | Gained mutation: Armour fits poorly on your strangely
                  | shaped body. [a shining eye]
 81291 | Pan      | Gained mutation: Your body sometimes deteriorates upon
                  | taking damage. [a neqoxec]
 81393 | Pan      | Gained mutation: Your magical capacity is very low. (-20%
                  | MP) [a shining eye]
 81424 | Pan      | Noticed Mennas
 81426 | Pan      | Noticed Mnoleg
 81460 | Pan      | Gained mutation: Scrolls take you a little longer to read.
                  | [a cacodemon]
 81515 | Pan      | Killed Mnoleg
 81515 | Pan      | Reached skill level 10 in Ice Magic
 81548 | Pan      | Paralysed by a floating eye for 2 turns
 81567 | Pan      | Lost mutation: You can translocate small distances at will.
                  | [a cacodemon]
 81568 | Pan      | Gained mutation: Your body often deteriorates upon taking
                  | damage. [a neqoxec]
 81629 | Pan      | Identified the Collected Works on Harmful Translocation
 81643 | Pan      | Killed Mennas
 81646 | Pan      | Gained mutation: You are clumsy. (Dex -2) [a neqoxec]
 81773 | Pan      | Got a glowing rune of Zot
 81822 | Pan      | Gained mutation: Scrolls take you longer to read. [a
                  | cacodemon]
 81922 | Pan      | Found an exit through the horrors of the Abyss.
 81942 | Pan      | Took an exit into the Abyss.
 81942 | Abyss:1  | Escaped into the Abyss
 82038 | Depths:1 | Escaped the Abyss
 82044 | Depths:1 | Lost mutation: Your muscles are strong. (Str +2) [potion of
                  | mutation]
 82044 | Depths:1 | Lost mutation: You are clumsy. (Dex -2) [potion of
                  | mutation]
 82044 | Depths:1 | Gained mutation: You are agile. (Dex +2) [potion of
                  | mutation]
 82045 | Depths:1 | Lost mutation: Armour fits poorly on your strangely shaped
                  | body. [potion of mutation]
 82045 | Depths:1 | Lost mutation: Your body often deteriorates upon taking
                  | damage. [potion of mutation]
 82045 | Depths:1 | Lost mutation: Your magical capacity is very low. (-20% MP)
                  | [potion of mutation]
 82045 | Depths:1 | Lost mutation: Scrolls take you longer to read. [potion of
                  | mutation]
 82045 | Depths:1 | Lost mutation: You are agile. (Dex +2) [potion of mutation]
 82045 | Depths:1 | Gained mutation: Your spells are harder to cast, but more
                  | powerful. [potion of mutation]
 82045 | Depths:1 | Gained mutation: Your mind is acute. (Int +2) [potion of
                  | mutation]
 82045 | Depths:1 | Gained mutation: Your muscles are strong. (Str +2) [potion
                  | of mutation]
 82046 | Depths:1 | Lost mutation: You possess an exceptional clarity of mind.
                  | [potion of mutation]
 82046 | Depths:1 | Lost mutation: Your mind is acute. (Int +2) [potion of
                  | mutation]
 82046 | Depths:1 | Lost mutation: Your spells are harder to cast, but more
                  | powerful. [potion of mutation]
 82046 | Depths:1 | Lost mutation: Your body sometimes deteriorates upon taking
                  | damage. [potion of mutation]
 82046 | Depths:1 | Lost mutation: Scrolls take you a little longer to read.
                  | [potion of mutation]
 82046 | Depths:1 | Gained mutation: You are surrounded by a mild repulsion
                  | field. (EV +2) [potion of mutation]
 82046 | Depths:1 | Gained mutation: Your flesh is heat resistant. (rF+)
                  | [potion of mutation]
 82145 | Pan      | Entered Pandemonium
 82634 | Pan      | Entered the realm of Lom Lobon.
 82807 | Pan      | Found an exit through the horrors of the Abyss.
 83399 | Pan      | Noticed Lom Lobon
 84135 | Pan      | Got a magical rune of Zot
 84320 | Pan      | Noticed Lom Lobon
 84450 | Pan      | Entered the realm of Gloorx Vloq.
 84506 | Pan      | Found an exit through the horrors of the Abyss.
 85216 | Pan      | Noticed Gloorx Vloq
 85235 | Pan      | Killed Gloorx Vloq
 85243 | Pan      | Got a dark rune of Zot
 85528 | Pan      | Took an exit into the Abyss.
 85528 | Abyss:1  | Escaped into the Abyss
 85528 | Abyss:1  | Found a corrupted altar of Lugonu.
 85681 | Depths:1 | Escaped the Abyss
 86028 | Zot:5    | Noticed an ancient lich
 86047 | Zot:5    | Gained mutation: Scrolls take you a little longer to read.
                  | [an orb of fire]
 86055 | Zot:5    | Killed an orb of fire
 86060 | Zot:5    | Killed an ancient lich
 86066 | Zot:5    | Gained mutation: You are frail. (-10% HP) [an orb of fire]
 86067 | Zot:5    | Gained mutation: Your body sometimes deteriorates upon
                  | taking damage. [an orb of fire]
 86068 | Zot:5    | Gained mutation: Scrolls take you longer to read. [an orb
                  | of fire]
 86073 | Zot:5    | Killed an orb of fire
 86176 | Zot:5    | Identified the Disquisition on Unholy Rituals and
                  | Transformation (You acquired it on level 5 of the Realm of
                  | Zot)
 86246 | Zot:5    | Gained mutation: You are very frail. (-20% HP) [an orb of
                  | fire]
 86248 | Zot:5    | Noticed an ancient lich
 86314 | Zot:5    | Lost mutation: You are very frail. (-20% HP) [potion of
                  | mutation]
 86314 | Zot:5    | Lost mutation: Your magical capacity is low. (-10% MP)
                  | [potion of mutation]
 86314 | Zot:5    | Lost mutation: You are surrounded by a mild repulsion
                  | field. (EV +2) [potion of mutation]
 86314 | Zot:5    | Lost mutation: Your body sometimes deteriorates upon taking
                  | damage. [potion of mutation]
 86314 | Zot:5    | Lost mutation: Your muscles are strong. (Str +2) [potion of
                  | mutation]
 86314 | Zot:5    | Gained mutation: You are covered in fur. (AC +1) [potion of
                  | mutation]
 86315 | Zot:5    | Lost mutation: You are frail. (-10% HP) [potion of
                  | mutation]
 86315 | Zot:5    | Lost mutation: Your flesh is heat resistant. (rF+) [potion
                  | of mutation]
 86315 | Zot:5    | Lost mutation: Scrolls take you longer to read. [potion of
                  | mutation]
 86315 | Zot:5    | Gained mutation: Your magical capacity is low. (-10% MP)
                  | [potion of mutation]
 86315 | Zot:5    | Gained mutation: You can translocate small distances at
                  | will. [potion of mutation]
 86316 | Zot:5    | Lost mutation: You can translocate small distances at will.
                  | [potion of mutation]
 86316 | Zot:5    | Lost mutation: Your spells are a little harder to cast, but
                  | a little more powerful. [potion of mutation]
 86316 | Zot:5    | Lost mutation: You passively map a small area around you.
                  | [potion of mutation]
 86316 | Zot:5    | Lost mutation: Your magical capacity is low. (-10% MP)
                  | [potion of mutation]
 86316 | Zot:5    | Gained mutation: Your flesh is heat resistant. (rF+)
                  | [potion of mutation]
 86316 | Zot:5    | Gained mutation: You passively map a small area around you.
                  | [potion of mutation]
 86316 | Zot:5    | Gained mutation: You have a pair of small horns on your
                  | head. [potion of mutation]
 86316 | Zot:5    | Gained mutation: You evolve. [potion of mutation]
 86317 | Zot:5    | Lost mutation: Scrolls take you a little longer to read.
                  | [potion of mutation]
 86317 | Zot:5    | Lost mutation: Your flesh is heat resistant. (rF+) [potion
                  | of mutation]
 86317 | Zot:5    | Gained mutation: You are frail. (-10% HP) [potion of
                  | mutation]
 86317 | Zot:5    | Lost mutation: You are frail. (-10% HP) [potion of
                  | mutation]
 86317 | Zot:5    | Gained mutation: You are partially covered in molten
                  | scales. (AC +2) [potion of mutation]
 86581 | Zot:5    | Got the Orb of Zot
 87207 | D:2      | Noticed Biogutio the pandemonium lord
 87263 | D:$      | Escaped with the Orb!

Skill      XL: |  1  2  3  4  5  6  7  8  9 10 11 12 13 14 15 16 17 18 19 20 21 22 23 24 25 26 27 |
---------------+----------------------------------------------------------------------------------+-----
Polearms       | 5 6 7 8 9 11 13 15 16 20 22 25 27 | 27.0
Dodging        | 5 6 7 8 10 11 12 14 16 17 18 20 21 27 | 27.0
Fighting       | 3 4 5 6 8 10 12 13 15 16 17 18 19 20 21 22 23 24 27 | 27.0
Invocations    | 2 5 6 10 14 17 | 17.5
Armour         | 3 5 6 8 10 11 19 | 19.0
Stealth        | 5 17 | 17.5
Spellcasting   | 5 8 11 12 13 23 | 23.2
Evocations     | 14 | 14.4
Crossbows      | 1 |  1.0
Air Magic      | 13 | 13.6
Charms         | 12 | 12.5
Transmutations | 8 |  8.0
Necromancy     | 5 |  5.1
Ice Magic      | 14 | 14.6
Throwing       | |  2.0
Unarmed Combat | |  0.2
Hexes          | |  0.2

Action                   |  1- 3 |  4- 6 |  7- 9 | 10-12 | 13-15 | 16-18 | 19-21 | 22-24 | 25-27 || total
-------------------------+-------+-------+-------+-------+-------+-------+-------+-------+-------++-------
Melee: Trident           |   188 |   161 |   157 |       |    60 |       |       |       |       ||   566
       Halberd           |       |       |   295 |  1073 |   882 |       |       |       |       ||  2250
       Tailslap          |       |       |       |     2 |    11 |       |    17 |     2 |    24 ||    56
       Glaive            |       |       |       |       |   578 |  1093 |  1263 |  2725 |     6 ||  5665
       Bardiche          |       |       |       |       |       |       |       |       |  6591 ||  6591
       Headbutt          |       |       |       |       |       |       |       |       |    16 ||    16
Throw: Throwing net      |     1 |     3 |     1 |       |     3 |     1 |     4 |     3 |     4 ||    20
 Cast: Spectral Weapon   |       |       |       |       |       |       |       |       |    62 ||    62
       Deflect Missiles  |       |       |       |       |       |       |       |       |     7 ||     7
       Blink             |       |       |       |       |       |       |       |       |     2 ||     2
Invok: Lesser Servant of |       |       |       |     2 |    29 |     3 |       |       |       ||    34
       Major Destruction |       |       |       |     2 |     1 |       |       |       |     2 ||     5
       Minor Destruction |       |       |       |     2 |       |       |       |       |       ||     2
       Greater Servant o |       |       |       |       |       |       |       |     2 |    24 ||    26
 Abil: Stop Flying       |       |       |       |       |     1 |       |       |       |       ||     1
       Blink             |       |       |       |       |       |       |       |       |     1 ||     1
Evoke: Wand              |       |       |       |     6 |     6 |     8 |     6 |     4 |    24 ||    54
       Phantom mirror    |       |       |       |       |       |       |     1 |       |     3 ||     4
       Lamp of fire      |       |       |       |       |       |       |       |       |     5 ||     5
  Use: Scroll            |     3 |     9 |     8 |     5 |    20 |    12 |    11 |    13 |    94 ||   175
       Potion            |       |     4 |    12 |     9 |    13 |    12 |     3 |    13 |    69 ||   135
 Stab: Sleeping          |     2 |     3 |     2 |       |    23 |    22 |    19 |    25 |    78 ||   174
       Held in net/web   |     2 |     2 |     1 |       |     1 |       |     2 |     7 |     5 ||    20
       Distracted        |     1 |     1 |     1 |       |     8 |     5 |     4 |     4 |   118 ||   142
       Invisible         |       |       |       |       |       |    12 |       |       |    10 ||    22
       Confused          |       |       |       |       |       |       |     1 |       |     1 ||     2
  Eat: Ration            |     1 |     1 |     3 |       |       |     7 |     5 |     8 |    32 ||    57
       Chunk             |       |     2 |    11 |    24 |    32 |     6 |     3 |    16 |    16 ||   110
Armor: Leather armour    |    58 |    48 |    98 |    18 |       |       |       |       |       ||   222
       Skin              |       |       |     7 |    17 |       |       |       |       |       ||    24
       Ring mail         |       |       |       |   212 |   321 |   163 |   262 |   460 |   850 ||  2268
       Pearl dragon scal |       |       |       |       |       |       |       |       |   618 ||   618
       Chain mail        |       |       |       |       |       |       |       |       |   183 ||   183
       Ice dragon scales |       |       |       |       |       |       |       |       |    32 ||    32
Dodge: Dodged            |   131 |    96 |   271 |   637 |  1157 |   625 |  1329 |  1951 |  5543 || 11740
       Deflected         |       |       |       |       |       |       |       |       |    66 ||    66
